[Event "Titled Tuesday Blitz June 13 Early 2023"]
[White "Safin, Robert"]
[Black "Blackwhite017"]
[WhiteFideId "34189120"]
[WhiteElo "2341"]
[BlackElo "2127"]
[Result "1-0"]
[Round "3"]
[TimeControl "180+2"]
[Date "2023.06.13"]
[WhiteClock "0:02:08"]
[BlackClock "0:00:20"]
[Board "159"]

1. e4 c5 2. c3 d5 3. exd5 Qxd5 4. d4 Nf6 5. Nf3 Bg4 6. Nbd2 Nc6 7. Bc4 Qd6 8. Qb3 e6 9. Qxb7 Rb8 10. Qa6 Be7 11. Bb5 Rb6 12. Qc8+ Bd8 13. Nc4 1-0


[Site "https://www.chess.com"]

[Event "Titled Tuesday Blitz June 13 Early 2023"]
[White "Mamedov, Edgar"]
[Black "Levitan, Ronit"]
[WhiteFideId "13739980"]
[BlackFideId "2815109"]
[WhiteElo "2317"]
[BlackElo "1930"]
[Result "1-0"]
[Round "3"]
[TimeControl "180+2"]
[Date "2023.06.13"]
[WhiteClock "0:00:45"]
[BlackClock "0:00:00"]
[Board "160"]

1. d4 d5 2. Nf3 Nf6 3. g3 Bg4 4. Bg2 c6 5. O-O Nbd7 6. c4 e6 7. Nbd2 Bd6 8. b3 O-O 9. Bb2 Re8 10. Qc2 e5 11. dxe5 Nxe5 12. Nxe5 Bxe5 13. Bxe5 Rxe5 14. e3 Qd7 15. cxd5 Nxd5 16. e4 Nf6 17. f4 Rh5 18. e5 Nd5 19. Rae1 Bh3 20. Ne4 Bxg2 21. Qxg2 Qc7 22. g4 Rh4 23. Qg3 Rh6 24. g5 Re6 25. Nf6+ Kh8 26. f5 Rxf6 27. exf6 Qb6+ 28. Kh1 gxf6 29. gxf6 Nxf6 30. Qe5 c5 31. Qc3 Qc6+ 32. Qf3 Qxf3+ 33. Rxf3 Kg7 34. Re7 Rd8 35. Rxb7 Rd2 36. Rxa7 Ne4 37. Re3 Nf2+ 38. Kg1 Ng4 39. Rg3 h5 40. h3 Rd1+ 41. Kg2 Rd2+ 42. Kf1 Rf2+ 43. Ke1 Rxf5 44. hxg4 1-0


[Site "https://www.chess.com"]

[Event "Titled Tuesday Blitz June 13 Early 2023"]
[White "Lisjak, Zlatko"]
[Black "Liu, Casper"]
[WhiteFideId "14502186"]
[BlackFideId "1454153"]
[WhiteElo "1998"]
[BlackElo "2221"]
[Result "0-1"]
[Round "3"]
[TimeControl "180+2"]
[Date "2023.06.13"]
[WhiteClock "0:00:00"]
[BlackClock "0:01:42"]
[Board "161"]

1. e4 a6 2. d4 g6 3. Bd3 Bg7 4. Nf3 Nc6 5. c3 d5 6. e5 f6 7. Bf4 Bg4 8. exf6 Nxf6 9. h3 Bxf3 10. Qxf3 O-O 11. Qe2 Kh8 12. g4 Ne4 13. Bxe4 Rxf4 14. Bc2 e5 15. dxe5 Nxe5 16. Nd2 Qh4 17. O-O-O Qxf2 18. Rhe1 Raf8 19. Nb3 Qxe2 20. Rxe2 Nc4 21. Rxd5 Rf3 22. Nc5 Rxh3 23. Nxb7 Ne3 24. Rd7 Bh6 25. b3 Nc4+ 26. Kb1 Rf1+ 27. Rd1 Rxd1+ 28. Bxd1 Ne3 29. Bc2 Nxg4 30. Re8+ Kg7 31. Re7+ Kf6 32. Rxc7 Rh1+ 33. Kb2 Bc1+ 34. Kb1 Bf4+ 0-1


[Site "https://www.chess.com"]

[Event "Titled Tuesday Blitz June 13 Early 2023"]
[White "Kriti Mayur Patel"]
[Black "Jaskolka, Tomasz"]
[WhiteFideId "35061780"]
[BlackFideId "1170791"]
[WhiteElo "1306"]
[BlackElo "2155"]
[Result "0-1"]
[Round "3"]
[TimeControl "180+2"]
[Date "2023.06.13"]
[WhiteClock "0:00:13"]
[BlackClock "0:01:10"]
[Board "162"]

1. e4 d5 2. exd5 Nf6 3. Nf3 Bg4 4. Be2 Nxd5 5. d4 e6 6. c4 Nf6 7. Nc3 c6 8. O-O Be7 9. Bf4 Nbd7 10. Rc1 O-O 11. Ne5 Nxe5 12. Bxe5 Bf5 13. Bd3 Bg6 14. f4 c5 15. Bxg6 hxg6 16. Kh1 cxd4 17. Qxd4 Qc8 18. Nb5 Rd8 19. Qc3 Qc5 20. b4 Qxb4 21. Bxf6 gxf6 22. Qh3 Kg7 23. Qg3 a6 24. Nc3 Qxc4 25. h4 Rac8 26. h5 Rh8 27. Kg1 Bc5+ 28. Rf2 Rxh5 29. Ne4 Qxc1# 0-1


[Site "https://www.chess.com"]

[Event "Titled Tuesday Blitz June 13 Early 2023"]
[White "Semenova, Alina"]
[Black "Brunner, Nicolas"]
[WhiteFideId "24113875"]
[BlackFideId "620246"]
[WhiteElo "1833"]
[BlackElo "2319"]
[Result "0-1"]
[Round "3"]
[TimeControl "180+2"]
[Date "2023.06.13"]
[WhiteClock "0:00:00"]
[BlackClock "0:00:24"]
[Board "163"]

1. e4 e5 2. Nf3 Nf6 3. Nxe5 d6 4. Nf3 Nxe4 5. d4 d5 6. Bd3 Bf5 7. O-O Be7 8. c4 dxc4 9. Bxc4 O-O 10. Nc3 Nd6 11. Bd3 Bxd3 12. Qxd3 Nc6 13. a3 Bf6 14. Re1 h6 15. Bf4 Qd7 16. d5 Ne7 17. Be5 Bxe5 18. Nxe5 Qf5 19. Qxf5 Nexf5 20. Rad1 Rfe8 21. f4 f6 22. Nd3 Kf7 23. Nc5 Ne3 24. Rd3 Nec4 25. Rxe8 Rxe8 26. Ne6 Nxb2 27. Rd4 Re7 28. g4 Nbc4 29. a4 b6 30. f5 a5 31. Kf2 g6 32. fxg6+ Kxg6 33. Kf3 f5 34. gxf5+ Nxf5 35. Rg4+ Kf6 36. Ne4+ Ke5 37. Nc3 Ncd6 38. Rg2 Nd4+ 39. Ke3 Nxe6 40. dxe6 Rxe6 41. Kd3 Kf6 42. Nd5+ Kf7 43. Nxc7 Re5 44. Rf2+ Kg7 45. Rb2 Rh5 46. Rxb6 Nf7 47. Ne6+ Kh7 0-1


[Site "https://www.chess.com"]

[Event "Titled Tuesday Blitz June 13 Early 2023"]
[White "Vargas, Mauricio"]
[Black "Garakov, Mikhael"]
[WhiteFideId "4404572"]
[BlackFideId "4169034"]
[WhiteElo "1986"]
[BlackElo "2347"]
[Result "0-1"]
[Round "3"]
[TimeControl "180+2"]
[Date "2023.06.13"]
[WhiteClock "0:00:00"]
[BlackClock "0:00:20"]
[Board "164"]

1. e4 c5 2. Nc3 a6 3. f4 b5 4. Nf3 Bb7 5. d3 g6 6. Nd5 Bg7 7. Ne3 e6 8. g4 Ne7 9. Bg2 d5 10. e5 d4 11. Nf1 h5 12. g5 h4 13. h3 Nf5 14. N1h2 Ng3 15. Rg1 Nc6 16. Ng4 Ne7 17. Nf6+ Bxf6 18. gxf6 Nd5 19. Kf2 Nf5 20. Bd2 Nfe3 21. Qc1 Rh5 22. Ng5 Qc7 23. Bf3 Rxg5 24. Rxg5 Nxf4 25. Rg4 Qxe5 26. Bxb7 Nxh3+ 27. Ke2 Nxg4+ 0-1


[Site "https://www.chess.com"]

[Event "Titled Tuesday Blitz June 13 Early 2023"]
[White "Castillo Pena, Patricia Evarista"]
[Black "Manukian, Artak"]
[WhiteFideId "6412106"]
[BlackFideId "13301373"]
[WhiteElo "1859"]
[BlackElo "2130"]
[Result "0-1"]
[Round "3"]
[TimeControl "180+2"]
[Date "2023.06.13"]
[WhiteClock "0:00:00"]
[BlackClock "0:00:16"]
[Board "165"]

1. d4 d5 2. Nf3 Nf6 3. e3 Bg4 4. c4 e6 5. Qb3 Bxf3 6. Qxb7 Bxg2 7. Bxg2 Nbd7 8. cxd5 Rb8 9. Qxa7 exd5 10. Nc3 Bb4 11. Qa4 O-O 12. O-O c5 13. a3 Bxc3 14. bxc3 Re8 15. Qc2 Ne4 16. c4 Qh4 17. cxd5 cxd4 18. exd4 Ndf6 19. Be3 Nxd5 20. Rab1 Rbc8 21. Qa4 Nec3 22. Qd7 Nxe3 23. fxe3 Nxb1 24. Qxf7+ Kh8 25. Rxb1 Rf8 26. Qd7 Qf2+ 27. Kh1 Qxe3 28. h3 Rcd8 0-1


[Site "https://www.chess.com"]

[Event "Titled Tuesday Blitz June 13 Early 2023"]
[White "carokannlover213"]
[Black "Gutkin, Ilya"]
[BlackFideId "16203470"]
[WhiteElo "2748"]
[BlackElo "2248"]
[Result "1-0"]
[Round "3"]
[TimeControl "180+2"]
[Date "2023.06.13"]
[WhiteClock "0:01:32"]
[BlackClock "0:01:18"]
[Board "166"]

1. c4 b6 2. Nc3 Bb7 3. Nf3 e6 4. e4 Bb4 5. Qc2 Ne7 6. d3 Ng6 7. h4 d5 8. a3 Bxc3+ 9. Qxc3 dxe4 10. dxe4 Qf6 11. e5 Qf5 12. h5 Nf4 13. Bxf4 Qxf4 14. Rh4 Qf5 15. Bd3 1-0


[Site "https://www.chess.com"]

[Event "Titled Tuesday Blitz June 13 Early 2023"]
[White "Goldin, Roman"]
[Black "Golubev, Mikhail"]
[WhiteFideId "2803860"]
[BlackFideId "14100983"]
[WhiteElo "2312"]
[BlackElo "2374"]
[Result "1/2-1/2"]
[Round "3"]
[TimeControl "180+2"]
[Date "2023.06.13"]
[WhiteClock "0:02:21"]
[BlackClock "0:02:29"]
[Board "167"]

1. Nf3 d6 2. d4 Nf6 3. g3 g6 4. Bg2 Bg7 5. O-O O-O 6. Nc3 Nbd7 7. e4 e5 8. h3 Re8 9. Re1 c6 10. a4 a5 11. Be3 exd4 12. Nxd4 Nc5 13. Bf4 Nh5 14. Be3 Nf6 15. Bf4 Nh5 16. Be3 Nf6 1/2-1/2


[Site "https://www.chess.com"]

[Event "Titled Tuesday Blitz June 13 Early 2023"]
[White "Orujov2008"]
[Black "Melikhov, Evgeny V."]
[BlackFideId "4122046"]
[WhiteElo "2524"]
[BlackElo "2158"]
[Result "1-0"]
[Round "3"]
[TimeControl "180+2"]
[Date "2023.06.13"]
[WhiteClock "0:01:09"]
[BlackClock "0:00:14"]
[Board "168"]

1. e4 e5 2. Nf3 Nc6 3. Bb5 a6 4. Ba4 Nf6 5. d4 exd4 6. O-O Be7 7. e5 Nd5 8. Nxd4 O-O 9. Nf5 Nb6 10. Qg4 g6 11. Bxc6 dxc6 12. Nxe7+ Qxe7 13. Qg3 Bf5 14. Nd2 Bxc2 15. Re1 Rfe8 16. Nf1 Nd5 17. h3 Bf5 18. b3 Nb4 19. Bg5 Qf8 20. Ne3 Be6 21. Rad1 Nd5 22. f4 Nxe3 23. Rxe3 Bd5 24. Bf6 Re6 25. f5 Rxf6 26. exf6 Re8 27. Rxe8 Qxe8 28. fxg6 hxg6 29. Re1 Qd8 30. Qg5 Be6 31. Rxe6 Qd1+ 32. Kh2 fxe6 33. Qxg6+ 1-0


[Site "https://www.chess.com"]

[Event "Titled Tuesday Blitz June 13 Early 2023"]
[White "Sharapov, Evgeny"]
[Black "Vifleemskaia, Svetlana"]
[WhiteFideId "14103133"]
[BlackFideId "4129490"]
[WhiteElo "2367"]
[BlackElo "1930"]
[Result "1-0"]
[Round "3"]
[TimeControl "180+2"]
[Date "2023.06.13"]
[WhiteClock "0:00:38"]
[BlackClock "0:00:00"]
[Board "169"]

1. e4 e5 2. Nf3 Nc6 3. Bb5 a6 4. Ba4 Nf6 5. d3 d6 6. O-O g6 7. c3 Bg7 8. d4 O-O 9. Re1 b5 10. Bb3 Bg4 11. Be3 Na5 12. Bc2 Nc4 13. Bc1 c5 14. d5 b4 15. b3 Nb6 16. c4 a5 17. Bg5 h6 18. Be3 a4 19. Nbd2 axb3 20. axb3 Rxa1 21. Qxa1 Qa8 22. h3 Bd7 23. Qb2 Qb7 24. Ra1 Ra8 25. Ra2 Rxa2 26. Qxa2 Qa8 27. Qxa8+ Nxa8 28. Kf1 Ne8 29. Ke2 Kf8 30. Ne1 Nac7 31. h4 f5 32. exf5 gxf5 33. f3 Kf7 34. g3 Nf6 35. Ng2 Ncxd5 36. cxd5 Nxd5 37. Nc4 Ke7 38. Bd2 Nf6 39. Nge3 e4 40. fxe4 fxe4 41. Nb6 Be6 42. g4 d5 43. g5 hxg5 44. hxg5 d4 45. gxf6+ Bxf6 46. Nec4 d3+ 47. Bxd3 exd3+ 48. Kxd3 Bd4 49. Be3 Bxe3 50. Kxe3 1-0


[Site "https://www.chess.com"]

[Event "Titled Tuesday Blitz June 13 Early 2023"]
[White "Mostbauer, Florian"]
[Black "Ardila, Oscar Humberto"]
[WhiteFideId "1626671"]
[BlackFideId "4404742"]
[WhiteElo "2234"]
[BlackElo "1912"]
[Result "1/2-1/2"]
[Round "3"]
[TimeControl "180+2"]
[Date "2023.06.13"]
[WhiteClock "0:00:19"]
[BlackClock "0:00:26"]
[Board "170"]

1. d4 Nf6 2. c4 g6 3. Nf3 Bg7 4. Bg5 h6 5. Bxf6 Bxf6 6. Nc3 O-O 7. e4 d6 8. Be2 e5 9. dxe5 dxe5 10. Qxd8 Bxd8 11. Nxe5 Re8 12. Nf3 Nd7 13. O-O-O c6 14. Rhe1 Bb6 15. Nd4 Nc5 16. f3 Ne6 17. Nxe6 Bxe6 18. Kc2 Bc7 19. g3 Rad8 20. f4 h5 21. Rxd8 Rxd8 22. Rd1 Rxd1 23. Nxd1 h4 24. b3 f5 25. e5 hxg3 26. hxg3 Bb6 27. Kd3 Kf7 28. Ne3 Ke7 29. Bf3 a5 30. a3 Bc5 31. a4 Bb4 32. g4 Be1 33. gxf5 gxf5 34. Bh5 Bg3 35. Bg6 Bxf4 36. Nxf5+ Kd7 37. Ke4 Bh2 38. Nd6 Bg3 39. Nxb7 Be1 40. Nc5+ Ke7 41. Nxe6 Kxe6 42. Be8 c5 43. Bc6 Bc3 44. Bd5+ Ke7 45. Kf5 Bd4 46. Bf3 Bc3 47. Bg4 Bd4 48. Ke4 Bc3 49. Kd5 Bb4 50. Kc6 Ba3 51. Kb6 Bb4 52. Kb5 Ke8 53. Bf5 Ke7 54. Kc6 Ba3 55. Kd5 Bb4 56. Bg4 Ba3 57. Be2 Bb4 58. Bf1 Ba3 59. Bh3 Bb4 60. Kc6 Ba3 61. Kb5 Bb4 62. Kb6 Ke8 63. e6 Ke7 64. Kc6 Ba3 65. Kd5 Bb4 66. Bg4 Ba3 67. Bd1 Bb4 68. Bc2 Ba3 69. b4 Bxb4 70. Be4 Ba3 71. Bf5 Bb4 72. Bh3 Ba3 73. Kc6 Bb4 74. Kb5 Ke8 75. Kb6 Ke7 76. Bg4 Ke8 77. Kc6 Ke7 78. Kc7 Ba3 79. Kb6 Bb4 80. Kb5 Ke8 81. Bf3 Ke7 82. Bd5 Kd6 83. Kb6 Ke7 84. Kc6 Ba3 85. Kb5 Bb4 86. Kb6 Kd6 87. Kb5 Ke7 88. Kb6 Kd6 89. Kb5 Ke7 1/2-1/2


[Site "https://www.chess.com"]

[Event "Titled Tuesday Blitz June 13 Early 2023"]
[White "rikchessmx"]
[Black "Kubicka, Anna"]
[BlackFideId "1152254"]
[WhiteElo "2309"]
[BlackElo "2144"]
[Result "0-1"]
[Round "3"]
[TimeControl "180+2"]
[Date "2023.06.13"]
[WhiteClock "0:00:17"]
[BlackClock "0:00:16"]
[Board "171"]

1. e4 c5 2. Nf3 d6 3. d4 cxd4 4. Nxd4 Nf6 5. Nc3 a6 6. f4 e5 7. Nf3 Nbd7 8. Bd3 Be7 9. O-O O-O 10. Kh1 b5 11. a3 Bb7 12. Qe1 Rc8 13. fxe5 Nxe5 14. Nd4 Nxd3 15. cxd3 Nd7 16. Nf5 Ne5 17. Qg3 Bf6 18. Bh6 Ng6 19. Bd2 Be5 20. Qg4 Rc5 21. d4 Rxc3 22. Bxc3 Bf6 23. e5 dxe5 24. dxe5 Nxe5 25. Bxe5 Bxe5 26. Rad1 Qc7 27. Rd7 Bxg2+ 28. Kxg2 Qc6+ 29. Kh3 Kh8 30. Rd3 Qc2 31. Rg3 g6 32. Rg2 gxf5 33. Qe2 Qe4 34. Qxe4 fxe4 35. Re2 f5 36. Rxe4 Bxb2 37. Ref4 Bxa3 38. Rxf5 Rxf5 39. Rxf5 Bb2 40. Rf6 Bxf6 0-1


[Site "https://www.chess.com"]

[Event "Titled Tuesday Blitz June 13 Early 2023"]
[White "Petukhov, Dmitry"]
[Black "Simonovic, Miroslav"]
[WhiteFideId "4142748"]
[BlackFideId "919152"]
[WhiteElo "2311"]
[BlackElo "2075"]
[Result "1/2-1/2"]
[Round "3"]
[TimeControl "180+2"]
[Date "2023.06.13"]
[WhiteClock "0:00:32"]
[BlackClock "0:00:04"]
[Board "172"]

1. e4 c5 2. c3 d5 3. exd5 Qxd5 4. d4 Nc6 5. Nf3 Bf5 6. Be3 cxd4 7. cxd4 Bxb1 8. Rxb1 e6 9. a3 a6 10. b4 Bd6 11. Rc1 Nge7 12. Bc4 Qh5 13. O-O O-O 14. h3 Rfd8 15. Nd2 Qxd1 16. Rfxd1 Rd7 17. Ne4 Rad8 18. b5 axb5 19. Bxb5 Bxa3 20. Rb1 Nd5 21. Bg5 f6 22. Bc1 Bxc1 23. Rdxc1 Rc7 24. Nc5 Kf7 25. Nxb7 Rxb7 26. Bxc6 Rxb1 27. Rxb1 Ne7 28. Be4 Rxd4 29. Bxh7 f5 30. Rb7 Kf6 31. Rb8 g6 32. Bg8 Nxg8 33. Rxg8 Rd1+ 34. Kh2 e5 35. Rf8+ Kg5 36. f3 Rd2 37. Rg8 Rd6 38. Kg3 Re6 39. h4+ Kh6 40. Rf8 Kg7 41. Ra8 Kf6 42. Ra7 Rd6 43. Kh3 f4 44. Kg4 Rc6 45. Ra2 Rd6 46. Rc2 Rb6 47. Rd2 Ra6 48. Rd8 Rb6 49. Rf8+ Kg7 50. Rc8 Kf6 51. Rh8 Kg7 52. Rc8 Kf6 53. Rc5 Ra6 54. Rd5 Rb6 55. h5 gxh5+ 56. Kxh5 Kf5 57. Rd8 Rf6 58. Rg8 Rf7 59. Rg5+ Kf6 60. Rg6+ Kf5 61. Rg5+ Kf6 62. Kg4 Rh7 63. Rf5+ Ke6 64. Rg5 Rh2 65. Rg6+ Kf7 66. Kf5 Rh5+ 67. Rg5 Rxg5+ 68. Kxg5 Ke6 69. Kg6 Ke7 70. Kf5 Kd6 71. Kf6 Kd5 72. Kf5 Kd6 73. Kf6 Kd5 74. Kg5 Ke6 75. Kg6 Ke7 76. Kf5 Kd6 1/2-1/2


[Site "https://www.chess.com"]

[Event "Titled Tuesday Blitz June 13 Early 2023"]
[White "Marchesich, Giovanni"]
[Black "Kielinkei"]
[WhiteFideId "2824790"]
[WhiteElo "2213"]
[BlackElo "2465"]
[Result "0-1"]
[Round "3"]
[TimeControl "180+2"]
[Date "2023.06.13"]
[WhiteClock "0:00:30"]
[BlackClock "0:00:29"]
[Board "173"]

1. d4 f5 2. Nc3 Nf6 3. Bg5 d5 4. e3 e6 5. Bd3 Bd6 6. Qf3 h6 7. Bxf6 Qxf6 8. Nge2 O-O 9. O-O c6 10. Nf4 e5 11. dxe5 Bxe5 12. Nce2 Bxb2 13. Rab1 Be5 14. c4 dxc4 15. Bxc4+ Kh7 16. Ng3 Na6 17. Rfd1 Nc5 18. Nfe2 Be6 19. Bxe6 Qxe6 20. Nd4 Qxa2 21. Ndxf5 g6 22. Qg4 gxf5 23. Nxf5 Qe6 24. e4 Rf7 25. f3 Rg8 26. Qh3 b5 27. Rbc1 Nb3 28. Rb1 Nd4 29. Nxd4 Qxh3 0-1


[Site "https://www.chess.com"]

[Event "Titled Tuesday Blitz June 13 Early 2023"]
[White "Baches Garcia, Guillermo"]
[Black "Putri, Regita Desyari"]
[WhiteFideId "2209764"]
[BlackFideId "7109083"]
[WhiteElo "2464"]
[BlackElo "1930"]
[Result "1-0"]
[Round "3"]
[TimeControl "180+2"]
[Date "2023.06.13"]
[WhiteClock "0:00:14"]
[BlackClock "0:00:00"]
[Board "174"]

1. e4 e5 2. Nf3 Nc6 3. Nc3 Nf6 4. d4 exd4 5. Nxd4 Bb4 6. Nxc6 bxc6 7. Bd3 d5 8. Bd2 O-O 9. O-O Bxc3 10. Bxc3 Nxe4 11. Bxe4 dxe4 12. Qe2 Qh4 13. Rad1 a5 14. Qe3 Be6 15. a3 Rfe8 16. Rfe1 Bd5 17. Qd4 f6 18. Re3 Rad8 19. Rde1 Qf4 20. Qc5 f5 21. Rg3 Rd7 22. Qxa5 Qh6 23. Qc5 f4 24. Rg4 f3 25. h3 fxg2 26. Re3 Rf7 27. Reg3 Qc1+ 28. Kxg2 e3+ 29. f3 Qxc2+ 30. Kh1 Ree7 31. Qd4 Qb1+ 32. Kh2 Qc2+ 33. Rg2 Qf5 34. Rxg7+ Rxg7 35. Rxg7+ Kf8 36. Rxe7 Kxe7 37. Qxe3+ Kd7 38. Kg3 Qg6+ 39. Kf2 Qc2+ 40. Kg3 Qg6+ 41. Kh2 Qd6+ 42. Be5 Qg6 43. Bg3 Qc2+ 44. Qf2 Qxf2+ 45. Bxf2 Bxf3 46. Kg3 Bd5 47. Kf4 Bb3 48. Bc5 Ke6 49. h4 Kd5 50. Bf8 Bc2 51. Bg7 Kc4 52. Bc3 Kb3 53. h5 Kc4 54. h6 Kd5 55. Kg5 c5 56. Kf6 c4 57. Ke7 Kc6 58. Kd8 Kb6 59. Be5 c6 60. Bc3 Kb5 61. Ke7 Ka4 62. Kd6 Kb5 63. Bb4 Bg6 64. Bc3 Bc2 65. Ke5 Bg6 66. Kd4 Bd3 67. Ke3 Bc2 68. Kd4 c5+ 69. Ke5 Bg6 70. Kd6 Bc2 71. Be1 Be4 72. Bf2 Bc2 73. Bxc5 Ka4 74. Bd4 Kb5 75. Bc3 Bg6 76. Ke5 Bc2 77. Kd4 Bg6 78. Bb4 Bd3 79. b3 Bf1 80. bxc4+ Ka4 81. c5 Kb5 82. Kd5 Bg2+ 83. Kd6 1-0


[Site "https://www.chess.com"]

[Event "Titled Tuesday Blitz June 13 Early 2023"]
[White "Matyukov, Petr"]
[Black "Xavier_mompel"]
[WhiteFideId "4103688"]
[WhiteElo "2278"]
[BlackElo "2198"]
[Result "1/2-1/2"]
[Round "3"]
[TimeControl "180+2"]
[Date "2023.06.13"]
[WhiteClock "0:00:07"]
[BlackClock "0:00:04"]
[Board "175"]

1. d4 d5 2. c4 e6 3. Nc3 c6 4. cxd5 exd5 5. Qc2 Nf6 6. Bg5 Be7 7. e3 O-O 8. Bd3 h6 9. Bh4 Be6 10. Nge2 Bd6 11. Bg3 Qe7 12. O-O Bxg3 13. Nxg3 Nbd7 14. Rae1 Rfe8 15. f3 Rad8 16. Kh1 a5 17. e4 dxe4 18. fxe4 Qb4 19. e5 Nd5 20. Nf5 Bxf5 21. Bxf5 Qxd4 22. Bh7+ Kh8 23. Rxf7 Nxe5 24. Rxb7 Ng4 25. Ne2 Nf2+ 26. Kg1 Nh3+ 27. Kh1 Rxe2 28. Qxe2 Nf2+ 29. Kg1 Nh3+ 30. Kh1 Nf2+ 31. Kg1 Nh3+ 32. Kh1 1/2-1/2


[Site "https://www.chess.com"]

[Event "Titled Tuesday Blitz June 13 Early 2023"]
[White "Ciuffoletti, Paolo"]
[Black "Biastoch, Bennet"]
[WhiteFideId "807630"]
[BlackFideId "12939889"]
[WhiteElo "2143"]
[BlackElo "2222"]
[Result "1-0"]
[Round "3"]
[TimeControl "180+2"]
[Date "2023.06.13"]
[WhiteClock "0:01:01"]
[BlackClock "0:02:04"]
[Board "176"]

1. e4 c5 2. d4 cxd4 3. c3 Nf6 4. e5 Nd5 5. Qxd4 e6 6. Bc4 Nc6 7. Qe4 Nb6 8. Bb3 d5 9. exd6 Bxd6 10. Nf3 O-O 11. Ng5 g6 12. Qh4 h5 13. O-O e5 14. Nd2 Ne7 15. Nge4 Nf5 16. Qxd8 Rxd8 17. Nf3 Bc7 18. Bg5 Rf8 19. Rad1 a5 20. a4 Bd7 21. Nf6+ Kg7 22. Nxd7 Nxd7 23. Rxd7 1-0


[Site "https://www.chess.com"]

[Event "Titled Tuesday Blitz June 13 Early 2023"]
[White "Bueno, Alfeu Junior Varela"]
[Black "Chemin, Justo Reinaldo"]
[WhiteFideId "2108879"]
[BlackFideId "2101580"]
[WhiteElo "2175"]
[BlackElo "1940"]
[Result "1-0"]
[Round "3"]
[TimeControl "180+2"]
[Date "2023.06.13"]
[WhiteClock "0:02:26"]
[BlackClock "0:00:45"]
[Board "177"]

1. e4 c5 2. Nc3 Nc6 3. f4 e5 4. Nf3 exf4 5. Bb5 Nd4 6. O-O g5 7. Nxd4 cxd4 8. Nd5 a6 9. Bc4 Bg7 10. Qh5 Nh6 11. h4 b5 12. hxg5 bxc4 13. gxh6 Bf8 14. Qe5+ 1-0


[Site "https://www.chess.com"]

[Event "Titled Tuesday Blitz June 13 Early 2023"]
[White "Vianello, Enrico"]
[Black "krucki03"]
[WhiteFideId "810738"]
[WhiteElo "2179"]
[BlackElo "2451"]
[Result "0-1"]
[Round "3"]
[TimeControl "180+2"]
[Date "2023.06.13"]
[WhiteClock "0:00:19"]
[BlackClock "0:00:27"]
[Board "178"]

1. g3 d5 2. Bg2 e6 3. d4 Nf6 4. c4 Be7 5. Nf3 O-O 6. O-O b6 7. cxd5 exd5 8. Nc3 Bb7 9. Bf4 a6 10. Rc1 Bd6 11. Bxd6 Qxd6 12. Qd3 Nbd7 13. a3 Rfe8 14. e3 Rac8 15. b4 c5 16. dxc5 bxc5 17. bxc5 Nxc5 18. Qb1 Rb8 19. Qa2 h6 20. Rfd1 Red8 21. Nd4 Ne6 22. Nce2 Qe5 23. Nxe6 fxe6 24. Nd4 Rf8 25. Nc6 Bxc6 26. Rxc6 Rb2 27. Qa1 Ng4 28. Rf1 Nxf2 29. Rc2 Nh3+ 30. Kh1 Rxf1+ 31. Bxf1 Qe4+ 32. Rg2 Rb1 0-1


[Site "https://www.chess.com"]

[Event "Titled Tuesday Blitz June 13 Early 2023"]
[White "Jimenez Garcia, Emmanuel"]
[Black "Nikulina, Alena"]
[WhiteFideId "6504779"]
[BlackFideId "4172051"]
[WhiteElo "2440"]
[BlackElo "1608"]
[Result "1-0"]
[Round "3"]
[TimeControl "180+2"]
[Date "2023.06.13"]
[WhiteClock "0:01:26"]
[BlackClock "0:00:03"]
[Board "179"]

1. Nf3 d5 2. c4 Nf6 3. cxd5 Nxd5 4. b3 c5 5. Bb2 Nc6 6. g3 Qc7 7. Bg2 Bg4 8. O-O O-O-O 9. Na3 a6 10. Nc4 f6 11. a4 e5 12. a5 h5 13. Nh4 g5 14. Ng6 Rh6 15. Nxf8 Qf7 16. Bxd5 Qxf8 17. Bxc6 bxc6 18. Rc1 h4 19. f3 Bh3 20. g4 Bxf1 21. Qxf1 Rh7 22. d3 Rb7 23. Nb6+ Kb8 24. Qf2 Qd6 25. Qxc5 Qxc5+ 26. Rxc5 Kc7 27. Kf2 Re8 28. Ke3 Re6 29. b4 Rd6 30. Ke4 Rd8 31. Kf5 Rd6 32. Ke4 Rb8 33. Bc3 Rbd8 34. Nc4 Rd4+ 35. Bxd4 Rxd4+ 36. Kf5 Rf4+ 37. Ke6 h3 38. Nb6 Rd4 39. Nd5+ Kb7 40. Nxf6 Rxb4 41. Ne4 Rb2 42. Rxe5 Rxe2 43. Rxg5 Rxh2 44. Rg7+ Kc8 45. Kd6 Rc2 46. Rh7 h2 47. g5 Kb8 48. g6 h1=Q 49. Rxh1 c5 50. Nxc5 1-0


[Site "https://www.chess.com"]

[Event "Titled Tuesday Blitz June 13 Early 2023"]
[White "The_Sherman_Variation"]
[Black "Novikova, Margarita"]
[BlackFideId "14109689"]
[WhiteElo "2444"]
[BlackElo "2013"]
[Result "1-0"]
[Round "3"]
[TimeControl "180+2"]
[Date "2023.06.13"]
[WhiteClock "0:01:21"]
[BlackClock "0:00:46"]
[Board "180"]

1. Nc3 Nf6 2. e4 e5 3. g3 d5 4. exd5 Nxd5 5. Bg2 Nxc3 6. bxc3 Bc5 7. Nf3 Nc6 8. O-O O-O 9. Re1 Re8 10. Rb1 Rb8 11. h3 f6 12. d4 exd4 13. Rxe8+ Qxe8 14. cxd4 Bb6 15. Bf4 Bf5 16. Rb5 Be4 17. c3 a6 18. Rb2 Na5 19. Qe2 Qc6 20. Rxb6 Bxf3 21. Rxc6 Bxe2 22. Rxc7 g5 23. Bd6 Re8 24. Bd5+ Kh8 25. Be7 Rxe7 26. Rxe7 b5 27. Rxe2 1-0


[Site "https://www.chess.com"]

[Event "Titled Tuesday Blitz June 13 Early 2023"]
[White "Xu, Daniel"]
[Black "Floresvillar Gonzalez, Luis Migu"]
[WhiteFideId "2627345"]
[BlackFideId "5100542"]
[WhiteElo "1980"]
[BlackElo "2040"]
[Result "1-0"]
[Round "3"]
[TimeControl "180+2"]
[Date "2023.06.13"]
[WhiteClock "0:01:14"]
[BlackClock "0:00:00"]
[Board "181"]

1. e4 e5 2. Nf3 Nc6 3. Bb5 a6 4. Ba4 Nf6 5. O-O Be7 6. Re1 b5 7. Bb3 d6 8. c3 O-O 9. h3 Nb8 10. d4 Nbd7 11. Nbd2 Bb7 12. Bc2 c5 13. Nf1 cxd4 14. cxd4 Rc8 15. Ng3 g6 16. Bb3 exd4 17. Bh6 Nc5 18. Bxf8 Bxf8 19. Nxd4 Nxb3 20. Nxb3 Qe7 21. Rc1 Rxc1 22. Qxc1 h5 23. Qg5 Kh7 24. e5 dxe5 25. Qxe5 Qd8 26. Nc5 Bc8 27. Nge4 Nxe4 28. Nxe4 Bg7 29. Ng5+ Kg8 30. Qe8+ Qxe8 31. Rxe8+ Bf8 32. Rxc8 1-0


[Site "https://www.chess.com"]

[Event "Titled Tuesday Blitz June 13 Early 2023"]
[White "Tsukerman, Julia"]
[Black "KorolDimitriy75"]
[WhiteFideId "2621649"]
[WhiteElo "1667"]
[BlackElo "2419"]
[Result "0-1"]
[Round "3"]
[TimeControl "180+2"]
[Date "2023.06.13"]
[WhiteClock "0:00:00"]
[BlackClock "0:00:17"]
[Board "182"]

1. e4 c5 2. Nf3 d6 3. d4 cxd4 4. Nxd4 Nf6 5. Nc3 g6 6. Be3 Bg7 7. f3 O-O 8. Qd2 Nc6 9. Bc4 Bd7 10. O-O-O Qa5 11. Kb1 Rfc8 12. Bb3 Ne5 13. g4 b5 14. h4 Nc4 15. Bxc4 bxc4 16. h5 Rab8 17. Ka1 Qb4 18. Rb1 Rc5 19. hxg6 fxg6 20. g5 Nh5 21. Nde2 Ra5 22. Nd4 e5 23. Nde2 Be6 24. Rhd1 d5 25. exd5 Bxd5 26. b3 e4 27. fxe4 cxb3 28. cxb3 Bxb3 29. Rxb3 Qxb3 30. Bd4 Bxd4 31. Nxd4 Qb4 32. Rb1 Rxa2+ 33. Kxa2 Qa5+ 0-1


[Site "https://www.chess.com"]